 Dungeon Crawl Stone Soup version 0.30-a0-737-gf23d94013f (webtiles) character file.

Game seed: 11074434826338094104

100 bande the Covered (level 4, -1/29 HPs)
             Began as a Gargoyle Fighter on Feb 1, 2023.
             Slain by a gnoll
             ... wielding a +0 club
              (4 damage)
             ... on level 3 of the Dungeon.
             The game lasted 00:02:29 (1735 turns).

bande the Covered (Gargoyle Fighter)                Turns: 1735, Time: 00:02:30

Health: -1/29      AC: 10    Str: 19    XL:     4   Next: 73%
Magic:  4/4        EV:  9    Int:  9    God:
Gold:   88         SH:  4    Dex: 11    Spells: 3/3 levels left

rFire   . . .      SeeInvis .    a - +0 war axe
rCold   . . .      Faith    .    c - +0 buckler
rNeg    + . .      Spirit   .    b - +0 scale mail
rPois   ∞          Reflect  .    (no helmet)
rElec   +          Harm     .    (no cloak)
rCorr   .          Rampage  .    (no gloves)
Will    .....                    (no boots) Stlth
                                 (no amulet)
HPRegen 0.24/turn                (no ring)
MPRegen 0.09/turn                (no ring)

@: no status effects
A: sickness immunity, AC +3, negative energy resistance 1, electricity
resistance, torment resistance 1, petrification resistance
a: no special abilities


You were on level 3 of the Dungeon.
You visited 1 branch of the dungeon, and saw 3 of its levels.

You collected 88 gold pieces.

Inventory:

Hand Weapons
 a - a +0 war axe (weapon)
Armour
 b - a +0 scale mail (worn)
 c - a +0 buckler (worn)
Scrolls
 g - a scroll of noise {unknown}
 h - 2 scrolls of identify {unknown}
 i - a scroll of blinking {unknown}
 j - 2 scrolls of magic mapping {unknown}
 k - a scroll of enchant weapon {unknown}
Potions
 d - 2 potions of might
 e - a potion of resistance {unknown}
 f - a potion of curing {unknown}
 l - 2 potions of mutation {unknown}


   Skills:
 + Level 3.6 Fighting
 + Level 3.4 Axes
 + Level 3.8 Armour
 + Level 3.7 Shields


You had 3 spell levels left.
You didn't know any spells.
Your spell library contained the following spells:

 Spells                   Type           Power      Damage    Failure   Level
 Slow                     Hex            0%         N/A       83%         1
 Lesser Beckoning         Tloc           0%         N/A       93%         2
 Gell's Gravitas          Tloc           0%         N/A       99%         3
 Teleport Other           Tloc           0%         N/A       99%         3


Dungeon Overview and Level Annotations

Branches:
Dungeon (3/15)

Altars:
Nemelex Xobeh

Shops:
D:2 ?


Innate Abilities, Weirdness & Mutations

You are immune to sickness and miasma.
Your stone body is resilient. (AC +3)
You are immune to poison.
You resist negative energy. (rN+)
You are resistant to electric shocks. (rElec)
You are resistant to unholy torment.
You are immune to petrification.


Message History

You slash the orc!
You kill the orc!
You block the gnoll's attack. x2
The gnoll shouts!
The gnoll hits you with a +0 halberd.
You hit the gnoll.
The gnoll is moderately wounded.
You block the gnoll's attack.
You closely miss the gnoll.
The gnoll is moderately wounded.
You hit the gnoll. You hit the iguana. The gnoll hits you with a +0 halberd.
The iguana closely misses you.
You hit the gnoll but do no damage.
The gnoll is moderately wounded.
You closely miss the iguana. You hit the gnoll.
The iguana bites you but does no damage.
The gnoll barely misses you. The gnoll hits you with a +0 halberd.
The iguana bites you! The gnoll hits you but does no damage.
The gnoll barely misses you. The gnoll hits you with a +0 club.
You are too injured to fight recklessly!
You are too injured to fight recklessly!
Unknown command.
You block the gnoll's attack. You block the iguana's attack.
The gnoll attacks as you move away! You block the gnoll's attack.
The gnoll attacks as you move away! The gnoll hits you but does no damage.
The gnoll attacks as you move away! The gnoll barely misses you.
The gnoll attacks as you move away! The gnoll hits you with a +0 club.
The gnoll attacks as you move away! The gnoll hits you with a +0 club.
* * * LOW HITPOINT WARNING * * *
The gnoll attacks as you move away! You block the gnoll's attack.
The gnoll attacks as you move away! The gnoll hits you but does no damage.
The gnoll attacks as you move away! The gnoll hits you but does no damage.
The gnoll attacks as you move away! The gnoll closely misses you.
The gnoll attacks as you move away! The gnoll hits you with a +0 club.
* * * LOW HITPOINT WARNING * * *
The gnoll attacks as you move away! You block the gnoll's attack.
The gnoll attacks as you move away! The gnoll hits you with a +0 club.
* * * LOW HITPOINT WARNING * * *
The gnoll attacks as you move away! The gnoll hits you with a +0 club.
You die...

### ########.#
#..g.l.l.# #.######.#
#.# #g# #l# #@###
######.# #...#
#..l.g.########.###
#g#######.....#...#
#.# ##.........#.#
#l####..#######...#
####.##....#.....#.(.#
.l.g.##.......<......#
#######...#.#...#.#..#


You could see an iguana and a gnoll.

Vanquished Creatures
  Jessica (D:2)
  A gnoll (D:1)
  3 adders (D:2)
  2 dart slugs
  An orc (D:3)
  A bat (D:1)
  3 endoplasms (D:2)
  2 giant cockroaches
  3 goblins
  2 hobgoblins
  2 quokkas (D:2)
  6 ball pythons
  4 frilled lizards
  2 kobolds (D:1)
  2 rats
35 creatures vanquished.

Notes
Turn   | Place    | Note
-------+----------+-------------------------------------------
     0 | D:1      | bande the Gargoyle Fighter began the quest for the Orb.
     0 | D:1      | Reached XP level 1. HP: 14/14 MP: 1/1
   324 | D:1      | Reached XP level 2. HP: 19/19 MP: 2/2
   711 | D:1      | Reached XP level 3. HP: 21/23 MP: 3/3
  1012 | D:2      | Found a sparkling altar of Nemelex Xobeh.
  1060 | D:2      | Found Plog's Magic Scroll Shoppe.
  1296 | D:2      | Reached XP level 4. HP: 24/28 MP: 4/4
  1473 | D:2      | Noticed Jessica
  1480 | D:2      | Killed Jessica
  1508 | D:2      | Got Jessica's Quarto of Maleficia
  1620 | D:3      | Found a faded altar of an unknown god.
  1735 | D:3      | Slain by a gnoll

Illustrated notes

Levels and vault maps discovered:
D:1:      minmay_arrival_jagged, layout_basic
D:2:      layout_loops_ring, basic_altar, serial_shops, shop,
          kennysheep_jessica_study
D:3:      layout_basic, nicolae_ecumenical_pavilion, uniq_natasha

Skill      XL: |  1  2  3 |
---------------+----------+-----
Axes           | 2 3 |  3.4
Fighting       | |  3.6
Armour         | |  3.8
Shields        | |  3.7

Action                     |  1- 3 |  4- 6 || total
---------------------------+-------+-------++-------
  Melee: War axe           |    72 |    42 ||   114
 Armour: Scale mail        |    37 |    31 ||    68
  Dodge: Dodged            |    30 |    24 ||    54
  Block: Buckler           |     9 |    17 ||    26

Table legend: (Time is in decaauts)
 A = Elapsed time spent in this place.
 B = Non-inter-level travel time spent in this place.
 C = Inter-level travel time spent in this place.
 D = Time resting spent in this place.
 E = Time spent auto-exploring this place.
 F = Levels seen in this place.
 G = Mean time per level.
                   A        B        C        D        E       F      G
               +--------+--------+--------+--------+--------+-----+--------+
         Total |   1781 |   1747 |     34 |    148 |   1266 |   3 |  593.7 |
       Dungeon |   1781 |   1747 |     34 |    148 |   1266 |   3 |  593.7 |
               +--------+--------+--------+--------+--------+-----+--------+

Top non-repeatable levels by time:
     D:1: 924 daAuts
     D:2: 736 daAuts
     D:3: 120 daAuts
